 Dungeon Crawl Stone Soup version 0.23-a0-644-gb60d84b635 (webtiles) character file.

1535 HereIgoKillingAgain the Covert (level 8, 0/36 HPs)
             Began as a Spriggan Enchanter on Jan 1, 2019.
             Was a Follower of Uskayaw.
             Slain by a two-headed ogre
             ... wielding a +0 giant club
              (4 damage)
             ... on level 6 of the Dungeon.
             The game lasted 00:12:01 (6172 turns).

HereIgoKillingAgain the Covert (Spriggan Enchanter) Turns: 6172, Time: 00:12:03

Health: 0/36       AC:  2    Str:  6    XL:     8   Next: 55%
Magic:  3/17       EV: 23    Int: 19    God:    Uskayaw [*.....]
Gold:   313        SH:  0    Dex: 20    Spells: 6/18 levels left

rFire    . . .     SeeInvis +   k - +1 dagger (venom)
rCold    . . .     Gourm    .   (shield restricted)
rNeg     . . .     Faith    .   b - +0 robe
rPois    .         Spirit   .   (helmet restricted)
rElec    .         Reflect  .   (no cloak)
rCorr    .         Harm     .   (gloves unavailable)
MR       ++...                  (boots unavailable)
Stlth    +++++.....             n - amulet of the acrobat
HPRegen  0.00/turn              l - +4 ring of dexterity
MPRegen  0.15/turn              s - ring of protection from magic

@: studying Crossbows, very quick
A: very small, unfitting armour, see invisible, herbivore, speed 3, inhibited
regeneration, slow metabolism 2, strong 1, MP-powered wands
a: Stomp, Renounce Religion


You were on level 6 of the Dungeon.
You worshipped Uskayaw.
Uskayaw was noncommittal.
You were not hungry.

You visited 2 branches of the dungeon, and saw 7 of its levels.

You collected 313 gold pieces.

Inventory:

Hand Weapons
 k - a +1 dagger of venom (weapon)
Armour
 b - a +0 robe (worn)
Jewellery
 l - a +4 ring of dexterity (left hand)
 n - an amulet of the acrobat (around neck)
 s - a ring of protection from magic (right hand)
 w - an uncursed amulet of guardian spirit {unknown}
 x - an uncursed ring of fire
Wands
 m - a wand of flame (15)
 q - a wand of clouds (2)
 r - a wand of digging (4)
 t - a wand of polymorph (13)
Scrolls
 a - 2 scrolls of amnesia {unknown}
 c - 2 scrolls of enchant weapon
 f - 4 scrolls of teleportation
 g - a scroll of fog {unknown}
 h - 3 scrolls of enchant armour
 j - a scroll of immolation {unknown}
 p - a scroll of noise {unknown}
 u - a scroll of fear {unknown}
Potions
 e - a potion of agility
 i - a potion of brilliance
 v - a potion of might
Books
 o - a manual of Crossbows
Comestibles
 d - 13 rations


   Skills:
 - Level 1.1 Short Blades
 - Level 6.6 Dodging
 * Level 11.5 Stealth
 - Level 5.6 Spellcasting
 - Level 6.0 Hexes
 + Level 2.4 Invocations
 + Level 3.3 Evocations


You had 6 spell levels left.
You knew the following spells:

 Your Spells              Type           Power        Failure   Level  Hunger
a - Ensorcelled Hibernat  Hex/Ice        ###...       4%          2    None
b - Confuse               Hex            ####....     3%          3    ##.....
c - Dazzling Spray        Conj/Hex       ###...       10%         3    ##.....
d - Tukima's Dance        Hex            ####....     3%          3    ##.....
k - Corona                Hex            ####...      1%          1    None

Your spell library contained the following spells:

 Spells                   Type           Power        Failure   Level  Hunger


Dungeon Overview and Level Annotations

Branches:
Dungeon (6/15)             Temple (1/1) D:4

Altars:
Ashenzari
Cheibriados
Elyvilon
Fedhas
Gozag
Kikubaaqudgha
Nemelex Xobeh
Qazlal
Ru
Sif Muna
Uskayaw
Vehumet
Wu Jian
Xom
Zin
The Shining One


Innate Abilities, Weirdness & Mutations

You are very small and have problems with some larger weapons.
You are too small for most types of armour.
You have supernaturally acute eyesight. (SInv)
You are a herbivore.
You cover ground extremely quickly.
You need to consume almost no food.
You do not regenerate when monsters are visible.
Your muscles are strong. (Str +2)
You expend magic power (3 MP) to strengthen your wands.


Message History

Press: ? - help, Shift-Dir - straight line, f/p - two-headed ogre
Aim: a two-headed ogre, wielding two +0 giant clubs The spray of energy hits the two-headed ogre.
The two-headed ogre is lightly wounded.
The two-headed ogre is dazzled.
The two-headed ogre completely misses you. x2
You barely miss the two-headed ogre.
The two-headed ogre is lightly wounded.
You closely miss the two-headed ogre.
The two-headed ogre is lightly wounded.
The two-headed ogre is no longer blind.
The two-headed ogre barely misses you. The two-headed ogre closely misses you.
You hit the two-headed ogre but do no damage.
The two-headed ogre is poisoned.
The two-headed ogre is lightly wounded.
The two-headed ogre hits you with a +0 giant club!!
Ouch! That really hurt!
* * * LOW HITPOINT WARNING * * *
The two-headed ogre hits you with a +0 giant club.
You die...

#.........#########.#######
#.........+...............#
#.........###..##...#####.#
#.#.......# #...#...#####.#
...#.......#
#..........##.#
####.......#
#...#...##.##.# #.......#
##..#....#.##.#
#.......####.##....#.##>#
#............@.....#.##.#
#......#####O####..#.##.#
#..................#.##.#
###'##.........###.#.##.#
#.#..###+###.###.#.##.#
#.##.# #.# #..........#
#.##.###.###.##########
#.#..###_..'.........
#.#..###.###.########


You could see a two-headed ogre.

Vanquished Creatures
  The ghost of rinny the Ducker, a novice OpMo of Wu Jian (D:5)
  2 ogres
  A centaur (D:2)
  Blork the orc (D:4)
  3 gnoll sergeants (D:5)
  A howler monkey (D:5)
  2 crimson imps (D:5)
  A bullfrog zombie (D:5)
  A hound (D:4)
  A jelly (D:5)
  4 orc priests
  A gnoll shaman (D:5)
  5 orc wizards
  An iguana (D:4)
  A worker ant (D:4)
  A hound zombie (D:5)
  7 gnolls (D:5)
  7 adders
  An adder skeleton (D:5)
  4 dart slugs (D:1)
  18 orcs
  4 bats
  5 giant cockroaches
  7 hobgoblins
  12 jackals
  5 kobolds
  2 quokkas
  2 ball pythons
  A frilled lizard (D:1)
  5 goblins
  A quokka skeleton (D:5)
  7 rats
115 creatures vanquished.

Vanquished Creatures (others)
  A dancing weapon (D:2)
  6 plants (D:5)
7 creatures vanquished.

Grand Total: 122 creatures vanquished

Notes
Turn   | Place    | Note
-------+----------+-------------------------------------------
     0 | D:1      | HereIgoKillingAgain the Spriggan Enchanter began the quest
                  | for the Orb.
     0 | D:1      | Reached XP level 1. HP: 9/9 MP: 5/5
   114 | D:1      | Reached XP level 2. HP: 13/13 MP: 6/6
   155 | D:1      | Reached skill level 5 in Stealth
   256 | D:1      | Learned a level 2 spell: Ensorcelled Hibernation
   659 | D:2      | Reached XP level 3. HP: 16/16 MP: 8/8
   683 | D:2      | Learned a level 3 spell: Confuse
  1383 | D:2      | Found a glowing silver altar of Zin.
  1411 | D:2      | Found an opulent altar of Gozag.
  1472 | D:2      | You fall through a shaft!
  1485 | D:3      | Reached skill level 6 in Stealth
  1485 | D:3      | Reached XP level 4. HP: 21/21 MP: 4/10
  2236 | D:3      | You fall through a shaft for 3 floors!
  2267 | D:6      | Noticed an ogre
  2269 | D:6      | Killed an ogre
  2269 | D:6      | Reached skill level 7 in Stealth
  2269 | D:6      | Reached XP level 5. HP: 24/24 MP: 10/12
  2272 | D:5      | Entered Level 5 of the Dungeon
  2272 | D:5      | Noticed an ogre
  2278 | D:5      | Killed an ogre
  2278 | D:5      | Reached XP level 6. HP: 28/28 MP: 5/13
  2286 | D:4      | Reached skill level 5 in Dodging
  2307 | D:4      | Reached skill level 5 in Hexes
  2396 | D:4      | Noticed Blork the orc
  2405 | D:4      | Killed Blork the orc
  2405 | D:4      | Reached skill level 8 in Stealth
  2417 | D:4      | Learned a level 3 spell: Dazzling Spray
  2428 | D:4      | Learned a level 3 spell: Tukima's Dance
  2478 | D:4      | Gained mutation: Your muscles are strong. (Str +2) [potion
                  | of mutation]
  2478 | D:4      | Gained mutation: You do not regenerate when monsters are
                  | visible. [potion of mutation]
  2478 | D:4      | Gained mutation: You expend magic power (3 MP) to
                  | strengthen your wands. [potion of mutation]
  2621 | D:4      | Reached XP level 7. HP: 25/32 MP: 4/15
  2756 | D:4      | Found a sacrificial altar of Ru.
  2760 | D:4      | Found a staircase to the Ecumenical Temple.
  3360 | D:2      | Reached skill level 9 in Stealth
  3424 | D:2      | Reached skill level 5 in Spellcasting
  3966 | D:4      | Found a radiant altar of Vehumet.
  4335 | D:4      | Found a glowing golden altar of the Shining One.
  4370 | Temple   | Entered the Ecumenical Temple
  4454 | Temple   | Became a worshipper of Uskayaw the Reveler
  4525 | D:5      | Reached * piety under Uskayaw
  4718 | D:5      | Found a transporter.
  4853 | D:5      | Found a transporter.
  4964 | D:5      | Reached ** piety under Uskayaw
  5019 | D:5      | Reached skill level 10 in Stealth
  5643 | D:5      | Noticed rinny's ghost (novice OpMo)
  5652 | D:5      | Reached XP level 8. HP: 23/36 MP: 13/17
  5655 | D:5      | Reached skill level 1 in Evocations
  5662 | D:5      | Reached skill level 1 in Invocations
  5717 | D:5      | Killed rinny's ghost
  5717 | D:5      | Reached skill level 11 in Stealth
  6094 | D:6      | Found a white marble altar of Elyvilon.
  6139 | D:6      | Noticed a two-headed ogre
  6172 | D:6      | Slain by a two-headed ogre

Vault maps used:
D:1:      dpeg_arrival_tiny_f, st_stairs_11
D:2:      lemuel_round_altar, nicolae_overflow_crystal_walls
D:3:      kennysheep_generic_room_11
D:4:      kennysheep_mini_moat, vehumet_crystals,
          nicolae_tso_swordbearing_angel, minmay_temple_entry_enclosed_plants,
          uniq_blork_the_orc
D:5:      first_ration, gammafunk_ghost_gnarly_gnolls
D:6:      minmay_goblin_kobold_castle, lemuel_doored_altar, lemuel_crystal_altar
Temple:   cyrus_temple_forest

Skill      XL: |  1  2  3  4  5  6  7  8 |
---------------+-------------------------+-----
Stealth        | 5 6 7 8 10 11 | 11.5
Spellcasting   | 3 4 5 |  5.6
Hexes          | 4 5 6 |  6.0
Dodging        | 4 5 6 |  6.6
Evocations     | 3 |  3.3
Invocations    | 2 |  2.4
Short Blades   | |  1.1

Action                   |  1- 3 |  4- 6 |  7- 9 || total
-------------------------+-------+-------+-------++-------
Melee: Dagger            |   131 |    72 |   140 ||   343
 Cast: Ensorcelled Hiber |    17 |    31 |    46 ||    94
       Confuse           |       |       |     2 ||     2
       Dazzling Spray    |       |       |     2 ||     2
       Tukima's Dance    |       |       |     1 ||     1
Evoke: Wand              |       |       |     4 ||     4
  Use: Scroll            |     4 |       |     3 ||     7
       Potion            |       |     4 |     1 ||     5
 Stab: Sleeping          |    18 |    22 |    23 ||    63
       Distracted        |       |     1 |       ||     1
       Invisible         |       |       |     3 ||     3
       Confused          |       |       |     1 ||     1
  Eat: Ration            |       |     1 |     2 ||     3
Armor: Robe              |    17 |     3 |     4 ||    24
Dodge: Dodged            |   116 |    59 |   116 ||   291

Table legend:
 A = Non-vault XP
 B = Vault XP
 C = Vault XP percentage of total XP
 D = Non-vault monster count
 E = Vault monster count
 F = Vault count percentage of total count
                 A         B        C        D         E       F
            +---------+---------+-------+---------+---------+-------
      Total |    1321 |     873 |  39.8 |      99 |      16 |  13.9
            +---------+---------+-------+---------+---------+-------
        D:1 |      37 |       3 |   7.5 |      17 |       3 |  15.0
        D:2 |     244 |       0 |   0.0 |      22 |       0 |   0.0
        D:3 |     121 |       0 |   0.0 |      23 |       0 |   0.0
        D:4 |     401 |      99 |  19.8 |      22 |       1 |   4.3
        D:5 |     405 |     771 |  65.6 |      14 |      12 |  46.2
        D:6 |     113 |       0 |   0.0 |       1 |       0 |   0.0
            +---------+---------+-------+---------+---------+-------
